 Dungeon Crawl Stone Soup version 0.31-a0-844-gdc52ec4 (webtiles) character file.

Game seed: 3466857758565807747

508 cuongqpp the Ruffian (level 6, -5/48 HPs)
             Began as a Draconian Shapeshifter on Sept 28, 2023.
             Slain by a shadow (20 damage)
             ... on level 5 of the Dungeon.
             The game lasted 00:09:07 (4256 turns).

cuongqpp the Ruffian (Draconian Shapeshifter)       Turns: 4256, Time: 00:09:10

Health: -5/48      AC:  6    Str: 18    XL:     6   Next: 98%
Magic:  6/6        EV: 15    Int: 10    God:
Gold:   259        SH:  9    Dex: 11    Spells: 5/5 levels left

rFire   + +          .
                       - Unarmed
rCold   + + .        k - +2 shield of Resistance {rF++ rC++ Will++}
rNeg    . . .        (body armour unavailable)
rPois   .            (helmet currently unavailable)
rElec   .            (cloak currently unavailable)
rCorr   .            (gloves currently unavailable)
SInv    .            (boots currently unavailable)
Will    ++...        (no amulet)
Stlth   +            h - +5 ring of evasion
HPRegen 0.28/turn    w - ring of flight
MPRegen 0.10/turn

%: no passive effects
@: beast-form, flying
A: beast (slay +2), AC +6, unfitting armour, cold-blooded
a: Begin Untransformation


You were on level 5 of the Dungeon.
You were a hulking beast.
You visited 1 branch of the dungeon, and saw 5 of its levels.
You also visited: Sewer.

You collected 259 gold pieces.

Inventory:

Hand Weapons
 l - a +0 halberd
Armour
 k - the +2 shield of Resistance (worn) {rF++ rC++ Will++}
   (You found it in a sewer)

   rF++:      It greatly protects you from fire.
   rC++:      It greatly protects you from cold.
   Will++:    It greatly increases your willpower.
Jewellery
 h - a +5 ring of evasion (left hand)
 n - a ring of see invisible
 w - a ring of flight (right hand)
Talismans
 b - a beast talisman (active)
 c - a flux talisman
Wands
 t - a wand of paralysis (8)
 v - a wand of flame (20)
Scrolls
 d - 6 scrolls of teleportation {unknown}
 f - 3 scrolls of revelation {unknown}
 j - 5 scrolls of identify {unknown}
 o - a scroll of butterflies {unknown}
 p - a scroll of noise {unknown}
 q - a scroll of amnesia {unknown}
 s - a scroll of immolation
Potions
 a - a potion of lignification
 e - a potion of degeneration {unknown}
 g - a potion of resistance {unknown}
 i - a potion of berserk rage
 m - a potion of brilliance {unknown}
 r - a potion of curing {unknown}
 u - 3 potions of heal wounds {unknown}


   Skills:
 + Level 1.9 Fighting
 - Level 2.3 Dodging
 + Level 6.3 Unarmed Combat
 * Level 4.8 Shapeshifting


You had 5 spell levels left.
You didn't know any spells.
Your spell library contained the following spells:

 Spells                   Type           Power      Damage    Failure   Level
 Summon Small Mammal      Summ           0%         N/A       75%         1
 Call Canine Familiar     Summ           0%         N/A       98%         3
 Summon Guardian Golem    Hex/Summ       0%         N/A       98%         3


Dungeon Overview and Level Annotations

Branches:
Dungeon (5/15)              Sewer (visited)
 Temple: D:4-7

Altars:

Shops:
D:3 [


Innate Abilities, Weirdness & Mutations

You are a hulking beast.
Your limbs bulge with bestial killing power. (Slay +2)
Your plain brown scales are hard. (AC +6)
You cannot fit into any form of body armour.
You are cold-blooded and may be slowed by cold attacks.


Message History

A jelly is nearby!
You hit the jelly.
Your hands burn!
You tail-slap the jelly.
The jelly is heavily wounded.
You block the jelly's attack.
You punch the jelly!
You kill the jelly!
Nothing quivered!
Nothing quivered!
Nothing quivered!
Unknown command.
Key pressed, stopping explore.
A shadow comes into view.
The shadow moves out of view.
Found a stone staircase leading down.
A shadow is nearby!
A shadow is nearby!
A shadow is nearby!
The shadow slips into darkness.
The shadow flickers and vanishes!
Deactivating autopickup; reactivate with Ctrl-A.
No target in view!
No target in view!
The shadow strikes at you from the darkness!
Ouch! That really hurt!
Reactivating autopickup.
The shadow attacks as it pursues you! The shadow misses you.
Aiming: Paralyse
Press: ? - help, Shift-Dir - straight line, f - shadow
Aim: a shadow (chance to affect: 31%)
Okay, then.
You closely miss the shadow. The shadow hits you!
You barely miss the shadow. You block the shadow's attack.
You hit the shadow but do no damage. The shadow barely misses you.
You hit the shadow.
The shadow is moderately damaged.
The shadow slips into darkness.
The shadow flickers and vanishes!
Deactivating autopickup; reactivate with Ctrl-A.
The shadow strikes at you from the darkness!
You die...

... #. ... #..
.... #... .....
#..># #....#
#...#
#.....####...#
#....#...#
#.{h..# ###.(##
#...#..# ..##
#......#..##
##...## #.
.......##..#
#.....##..
.......
#..####........#
.......
##..##........##
.......
##.##.........#
......#
#............#


There were no monsters in sight!

Vanquished Creatures
  Pargi (Sewer)
  An ogre (D:5)
  A jelly (D:5)
  The ghost of gorushi the Trooper, a weakling MiFi (D:3)
  Robin (D:3)
  7 adders
  10 gnolls
  2 river rats (D:3)
  2 worms (D:3)
  A dart slug (D:1)
  8 orcs
  6 endoplasms
  3 giant cockroaches
  7 hobgoblins
  4 jackals (D:4)
  2 quokkas (D:1)
  4 ball pythons
  9 bats
  5 frilled lizards (D:1)
  10 goblins
  5 kobolds
  6 rats
96 creatures vanquished.

Notes
Turn   | Place    | Note
-------+----------+-------------------------------------------
     0 | D:1      | cuongqpp the Draconian Shapeshifter began the quest for the
                  | Orb.
     0 | D:1      | Reached XP level 1. HP: 16/16 MP: 1/1
    80 | D:1      | Reached XP level 2. HP: 23/23 MP: 2/2
   424 | D:2      | Reached XP level 3. HP: 23/28 MP: 3/3
   502 | D:2      | You fall into a shaft and drop 2 floors!
   591 | D:3      | Noticed Robin
   696 | D:3      | Reached XP level 4. HP: 19/35 MP: 4/4
   741 | D:3      | Reached skill level 4 in Unarmed Combat
   744 | D:3      | Found a glowing drain.
   750 | Sewer    | Entered a sewer
   997 | Sewer    | Noticed Pargi
  1011 | Sewer    | Killed Pargi
  1012 | Sewer    | Reached XP level 5. HP: 29/40 MP: 5/5
  1012 | Sewer    | Found the +2 shield of Resistance {rF++ rC++ Will++}
  1221 | D:3      | Reached skill level 5 in Unarmed Combat
  1268 | D:3      | Found Sier's Armour Shop.
  1280 | D:3      | Found a runed translucent door.
  1280 | D:3      | Noticed gorushi's ghost (weakling MiFi)
  1360 | D:3      | Killed gorushi's ghost
  1502 | D:3      | Killed Robin
  1725 | D:3      | Reached XP level 6. HP: 5/48 MP: 6/6
  2391 | D:2      | Found a faded altar of an unknown god.
  3923 | D:5      | Entered Level 5 of the Dungeon
  4147 | D:5      | Reached skill level 6 in Unarmed Combat
  4247 | D:5      | Noticed a shadow
  4256 | D:5      | Slain by a shadow

Illustrated notes

Levels and vault maps discovered:
D:1:      spicycebolla_green_bress_n_ham_2, layout_rooms
D:2:      layout_loops_corners, hellmonk_ecumenical_altar_blasted
D:3:      layout_loops_cross, gammafunk_ghost_grave, serial_shops, shop,
          lightli_sewer_entry_pipes, uniq_robin
D:4:      layout_cave_pods
D:5:      layout_cave_pods, minmay_temple_entry_nine_rooms

Skill      XL: |  1  2  3  4  5  6 |
---------------+-------------------+-----
Dodging        | 2 |  2.3
Unarmed Combat | 4 5 6 |  6.3
Shapeshifting  | 4 |  4.8
Fighting       | |  1.9

Action                     |  1- 3 |  4- 6 || total
---------------------------+-------+-------++-------
  Melee: Unarmed           |    84 |   218 ||   302
         Tailslap          |     8 |    19 ||    27
         Punch             |       |     1 ||     1
   Stab: Sleeping          |       |     2 ||     2
 Armour: Skin              |    47 |    87 ||   134
  Dodge: Dodged            |    51 |   128 ||   179
  Block: Kite shield       |       |    84 ||    84

Table legend: (Time is in decaauts)
 A = Elapsed time spent in this place.
 B = Non-inter-level travel time spent in this place.
 C = Inter-level travel time spent in this place.
 D = Time resting spent in this place.
 E = Time spent auto-exploring this place.
 F = Levels seen in this place.
 G = Mean time per level.
                   A        B        C        D        E       F      G
               +--------+--------+--------+--------+--------+-----+--------+
         Total |   4294 |   4129 |    165 |    429 |   2871 |   6 |  715.7 |
       Dungeon |   3976 |   3811 |    165 |    219 |   2855 |   5 |  795.2 |
         Sewer |    318 |    318 |      0 |    210 |     16 |   1 |  318.0 |
               +--------+--------+--------+--------+--------+-----+--------+

Top non-repeatable levels by time:
     D:3: 1368 daAuts
     D:4: 1017 daAuts
     D:2: 855 daAuts
     D:1: 401 daAuts
     D:5: 333 daAuts
   Sewer: 318 daAuts
